 Dungeon Crawl Stone Soup version 0.30-a0-937-ga0a21ad780 (webtiles) character file.

Game seed: 13711219075983263203

15007 Demosthentine the Fighter (level 11, -9/81 HPs)
             Began as a Demonspawn Gladiator on Mar 25, 2023.
             Was an Elder of Hepliaklqana.
             Shot with an arrow by a centaur warrior (17 damage)
             ... on level 12 of the Dungeon.
             The game lasted 00:12:48 (11375 turns).

Demosthentine the Fighter (Demonspawn Gladiator)   Turns: 11375, Time: 00:12:49

Health: -9/81      AC: 10    Str: 23    XL:     11   Next: 96%
Magic:  17/17      EV: 19    Int: 15    God:    Hepliaklqana [****..]
Gold:   682        SH:  4    Dex: 21    Spells: 10/10 levels left

rFire   . . .      SeeInvis .    a - +1 trident
rCold   . . .      Faith    .    (no shield)
rNeg    . . .      Spirit   .    J - +0 steam dragon scales
rPois   +          Reflect  .    (helmet restricted)
rElec   .          Rampage  .    o - +0 cloak
rCorr   .                        (no gloves)
Will    .....                    z - +1 pair of boots
Stlth   ++                       (no amulet)
HPRegen 0.33/turn                r - +6 ring of dexterity
MPRegen 0.15/turn                y - +6 ring of strength

@: no status effects
A: reduced essence, demonic guardian 2, big brain 1, weakness stinger 2, beak,
large bone plates 1, clever 1, poison resistance, MP-powered wands
a: Renounce Religion, Recall Ancestor, Ancestor Identity, Transference, Idealise


You were on level 12 of the Dungeon.
You worshipped Hepliaklqana.
Hepliaklqana was greatly pleased with you.
You visited 2 branches of the dungeon, and saw 13 of its levels.

You collected 682 gold pieces.

Inventory:

Hand Weapons
 a - a +1 trident (weapon)
Missiles
 d - a throwing net (quivered)
 e - a javelin
Armour
 o - a +0 cloak (worn)
 z - a +1 pair of boots (worn)
 H - the +2 cloak of the Thief {*Fog Slay-2 SInv Stlth+}
   (You found it on level 10 of the Dungeon)

   *Fog:      It may release a thick cloud of smoke when the wearer is hurt.
   Slay:      It affects your accuracy & damage with ranged weapons and melee
   (-2).
   SInv:      It lets you see invisible.
   Stlth:     It makes you more stealthy.
 J - +0 steam dragon scales (worn)
Jewellery
 r - a +6 ring of dexterity (left hand)
 v - a ring of ice
 y - a +6 ring of strength (right hand)
Wands
 i - a wand of flame (25)
 j - a wand of quicksilver (12)
 C - a wand of polymorph (4)
 D - a wand of charming (9)
 G - a wand of roots (5)
Scrolls
 b - a scroll of amnesia
 k - a scroll of summoning
 p - 2 scrolls of poison
 t - 4 scrolls of immolation
 B - 2 scrolls of fear
 E - a scroll of magic mapping
Potions
 c - a potion of ambrosia {unknown}
 f - 5 potions of attraction
 g - 2 potions of flight
 h - a potion of invisibility
 l - 2 potions of cancellation
 m - a potion of might
 n - a potion of heal wounds
 q - 2 potions of lignification
 s - a potion of resistance
 u - a potion of berserk rage
 w - 3 potions of curing
 x - a potion of magic
 A - 3 potions of brilliance
 F - a potion of haste
 I - a potion of mutation


   Skills:
 + Level 10.1 Fighting
 + Level 9.5 Polearms
 - Level 1.7 Throwing
 - Level 6.7 Armour
 + Level 9.5 Dodging
 + Level 8.2 Invocations


You had 10 spell levels left.
You didn't know any spells.
Your spell library contained the following spells:

 Spells                   Type           Power      Damage    Failure   Level
 Blink                    Tloc           0%         N/A       38%         2
 Lesser Beckoning         Tloc           0%         N/A       38%         2
 Momentum Strike          Conj/Tloc      0%         3d8       38%         2
 Dazzling Flash           Conj/Hex       0%         N/A       63%         3
 Portal Projectile        Hex/Tloc       0%         N/A       63%         3
 Summon Guardian Golem    Hex/Summ       0%         N/A       63%         3
 Tukima's Dance           Hex            0%         N/A       63%         3
 Agony                    Necr           0%         N/A       100%        5
 Blade Hands              Tmut           0%         N/A       100%        5
 Silence                  Hex/Air        0%         N/A       100%        5
 Orb of Destruction       Conj           0%         9d5       100%        7
 Spellforged Servitor     Conj/Summ      0%         N/A       100%        7


Dungeon Overview and Level Annotations

Branches:
Dungeon (12/15)            Temple (1/1) D:5            Lair (0/5) D:9
    Orc (0/2) D:11

Altars:
Ashenzari
Cheibriados
Dithmenos
Fedhas
Gozag
Hepliaklqana
Kikubaaqudgha
Makhleb
Nemelex Xobeh
Okawaru
Qazlal
Ru
Sif Muna
Trog
Uskayaw
Vehumet
Wu Jian
Xom
Yredelemnul

Shops:
D:2 [   D:5 :   D:8 (


Innate Abilities, Weirdness & Mutations

Your life essence is reduced to manifest your ancestor. (-10% HP)
A demonic guardian rushes to your aid.
You have an unusually large brain. (Int +2)
You have a tail ending in a sharp stinger.
You have a beak for a mouth.
You are partially covered in large bone plates. (SH +4)
Your mind is acute. (Int +4, Str/Dex -1)
Your system is resistant to poisons. (rPois)
You expend magic power (3 MP) to strengthen your wands.


Message History

Found a scroll of magic mapping.
The centaur warrior unwields a +0 longbow.
The centaur warrior hits you.
The centaur warrior kicks you but does no damage.
The centaur shoots an arrow.
The arrow hits your ice devil.
The centaur unwields a +0 shortbow.
The centaur completely misses you.
The centaur kicks you but does no damage.
The centaur wields a +0 shortbow.
The centaur shoots an arrow.
You block the arrow.
Lucia hits the centaur but does no damage.
You puncture the centaur warrior!
The centaur warrior is moderately wounded.
The centaur warrior closely misses you.
The centaur warrior kicks you but does no damage.
The centaur shoots an arrow.
The arrow hits you!
* * * LOW HITPOINT WARNING * * *
You block the centaur's attack. The centaur completely misses you.
Lucia hits the centaur with a +0 dagger of draining!
Lucia drains the centaur.
Your ice devil barely misses the centaur warrior.
The centaur shoots an arrow.
The arrow hits your ice devil!
Lucia hits the centaur with a +0 dagger of draining.
Lucia drains the centaur.
The centaur dies!
The centaur warrior barely misses you. The centaur warrior closely misses you.
The centaur shoots an arrow.
You block the arrow.
You puncture the centaur warrior!
The centaur warrior is moderately wounded.
The centaur warrior hits you!
* * * LOW HITPOINT WARNING * * *
The centaur warrior kicks you but does no damage.
The centaur shoots an arrow.
The arrow hits you.
* * * LOW HITPOINT WARNING * * *
Your ice devil closely misses the centaur warrior.
The centaur shoots an arrow.
The arrow hits your ice devil.
Your ice devil dies!
Your ice devil disappears in a puff of smoke!
The centaur warrior wields a +0 longbow.
The centaur warrior shoots an arrow.
The arrow hits you!
You die...

........#......'.....#
....#####......'.....#
....#..........#.....#
<..
#..........#.....####
..
#..........#........#
#......(...#........#
#..........#.........
#..........#..R......
#+##########@§c..####
......))c...#
......c..####
.........# .........#
##.....>.# #..?....#
#.......#


You could see the friendly Lucia the hexer, a centaur warrior and 2 centaurs.

Vanquished Creatures
  Fannar (D:12)
  Erica (D:11)
  Amaemon (D:10)
  The ghost of DiggyJ the Basher, a novice GrRe of Vehumet (D:7)
  Pikel (D:8)
  2 cyclopes (D:11)
  An orange demon (D:10)
  2 kobold demonologists
  A komodo dragon (D:9)
  3 trolls
  Prince Ribbit (D:8)
  Grinder (D:6)
  4 yaks (D:11)
  Sigmund (D:2)
  A shadow (D:11)
  A wyvern (D:9)
  4 large abominations (D:10)
  2 acid dragons
  2 water moccasins (D:8)
  2 ice beasts
  A sky beast (D:8)
  A black bear (D:6)
  2 centaurs (D:8)
  3 small abominations (D:10)
  2 wolves (D:10)
  An ogre (D:6)
  3 wights
  4 killer bees
  7 howler monkeys
  3 jellies
  4 hounds
  Crazy Yiuf (D:3)
  Jessica (D:3)
  A sleepcap (D:6)
  An iguana (D:5)
  Natasha (twice) (D:3)
  3 orc wizards
  6 adders
  2 worms (D:5)
  2 dart slugs
  22 orcs
  3 endoplasms
  A giant cockroach (D:3)
  5 goblins
  6 hobgoblins
  5 jackals
  2 quokkas
  5 ball pythons
  4 bats
  4 frilled lizards
  9 kobolds
  6 rats
155 creatures vanquished.

Vanquished Creatures (collateral kills)
  2 two-headed ogres (D:11)
  A wizard (D:10)
  A cyclops (D:10)
  A large abomination (D:10)
  Psyche (D:8)
  3 small abominations (D:10)
  2 wyverns
  A steam dragon (D:8)
  Grum (D:10)
  2 acid dragons
  A water moccasin (D:7)
  A sky beast (D:7)
  A black bear (D:5)
  7 centaurs
  3 kobold brigands
  3 wights
  2 killer bees (D:10)
  A howler monkey (D:10)
  An orc priest (D:8)
  A hound (D:6)
  An iguana (D:5)
  A sleepcap (D:5)
  An orc wizard (D:5)
  An adder (D:5)
  A white imp (D:7)
  6 orcs
  An endoplasm (D:1)
  A jackal (D:1)
  7 kobolds
56 creatures vanquished.

Vanquished Creatures (others)
  An electric eel (D:9)
  5 hexers
  An ancestor (D:5)
  24 plants
31 creatures vanquished.

Grand Total: 242 creatures vanquished

Notes
Turn   | Place    | Note
-------+----------+-------------------------------------------
     0 | D:1      | Demosthentine the Demonspawn Gladiator began the quest for
                  | the Orb.
     0 | D:1      | Reached XP level 1. HP: 16/16 MP: 1/1
   103 | D:1      | Gained mutation: A weak demonic guardian rushes to your
                  | aid. [demonic ancestry]
   103 | D:1      | Reached XP level 2. HP: 22/22 MP: 2/2
   670 | D:1      | Reached skill level 1 in Armour
   922 | D:2      | Noticed Sigmund
   932 | D:2      | Killed Sigmund
   933 | D:2      | Reached skill level 3 in Fighting
   933 | D:2      | Reached XP level 3. HP: 16/29 MP: 3/3
   933 | D:2      | Gained mutation: A demonic guardian rushes to your aid.
                  | [demonic ancestry]
   933 | D:2      | Reached XP level 4. HP: 20/35 MP: 4/4
   933 | D:2      | Gained mutation: You have a small tail. [demonic ancestry]
   933 | D:2      | Reached XP level 5. HP: 23/41 MP: 5/5
  1037 | D:2      | Found a faded altar of an unknown god.
  1284 | D:2      | Found Juonurywk's Antique Armour Shop.
  1532 | D:3      | Noticed Jessica
  1541 | D:3      | Killed Jessica
  1773 | D:3      | Found a hazy altar of Hepliaklqana.
  1784 | D:3      | Became a worshipper of Hepliaklqana the Forgotten
  1874 | D:3      | Noticed Natasha
  1882 | D:3      | Killed Natasha
  1883 | D:3      | Reached XP level 6. HP: 39/47 MP: 6/6
  2260 | D:3      | Found a runed translucent door.
  2261 | D:3      | Noticed Crazy Yiuf
  2388 | D:3      | Killed Crazy Yiuf
  2398 | D:3      | Identified the +6 hammer of Wyrd {venom, rElec rCorr Str-4
                  | Int+3}
  2436 | D:3      | Noticed Natasha
  2442 | D:3      | Killed Natasha
  2800 | D:4      | Reached * piety under Hepliaklqana
  2883 | D:4      | Reached skill level 4 in Fighting
  2886 | D:5      | Entered Level 5 of the Dungeon
  2912 | D:5      | Found a sparkling altar of Nemelex Xobeh.
  2929 | D:5      | Found a blossoming altar of Fedhas.
  3006 | D:5      | Reached XP level 7. HP: 42/48 MP: 7/7
  3115 | D:5      | Found a radiant altar of Vehumet.
  3331 | D:5      | Found Haef's Book Emporium.
  3361 | D:5      | Found a staircase to the Ecumenical Temple.
  3380 | Temple   | Entered the Ecumenical Temple
  3904 | D:6      | Reached skill level 5 in Fighting
  3904 | D:6      | Reached skill level 5 in Polearms
  3904 | D:6      | Reached skill level 5 in Dodging
  3904 | D:6      | Reached XP level 8. HP: 55/55 MP: 8/8
  3904 | D:6      | Gained mutation: Your flesh is cold resistant. (rC+)
                  | [potion of mutation]
  3904 | D:6      | Gained mutation: Your body sometimes deteriorates upon
                  | taking damage. [potion of mutation]
  3904 | D:6      | Gained mutation: You have a beak for a mouth. [potion of
                  | mutation]
  3905 | D:6      | Lost mutation: Your flesh is cold resistant. (rC+) [potion
                  | of mutation]
  3905 | D:6      | Lost mutation: Your body sometimes deteriorates upon taking
                  | damage. [potion of mutation]
  3905 | D:6      | Gained mutation: You have sharp fingernails. [potion of
                  | mutation]
  3905 | D:6      | Gained mutation: You are frail. (-10% HP) [potion of
                  | mutation]
  3905 | D:6      | Gained mutation: You have large cloven feet. [potion of
                  | mutation]
  4355 | D:6      | Reached ** piety under Hepliaklqana
  4356 | D:6      | Remembered your ancestor Lucia as a hexer
  4379 | D:6      | Noticed Grinder
  4383 | D:6      | Killed Grinder
  4770 | D:6      | Found an ornate altar of the Wu Jian Council.
  4916 | D:7      | Reached skill level 6 in Fighting
  4916 | D:7      | Reached skill level 5 in Armour
  4937 | D:7      | Reached XP level 9. HP: 24/55 MP: 9/9
  5081 | D:7      | Identified the +1 quarterstaff of Crusades {pain, rPois rF+
                  | rCorr Stlth+}
  5659 | D:7      | Found a runed translucent gate.
  5660 | D:7      | Found a runed translucent gate.
  5661 | D:7      | Found a runed translucent gate.
  5663 | D:7      | Noticed DiggyJ's ghost (novice GrRe)
  5760 | D:7      | Killed DiggyJ's ghost
  5761 | D:7      | Reached skill level 7 in Fighting
  5836 | D:8      | Noticed Pikel
  5861 | D:8      | Killed Pikel
  6011 | D:8      | Reached *** piety under Hepliaklqana
  6050 | D:8      | Found Woghiqy's Antique Weapon Boutique.
  6138 | D:8      | Noticed Psyche
  6146 | D:8      | Killed Psyche
  6147 | D:8      | Gained mutation: You have an unusually large brain. (Int
                  | +2) [demonic ancestry]
  6147 | D:8      | Reached XP level 10. HP: 24/63 MP: 10/10
  6327 | D:8      | Noticed Prince Ribbit
  6335 | D:8      | Killed Prince Ribbit
  7462 | D:9      | HP: 2/64 [electric eel/bolt of electricity (12)]
  7790 | D:9      | Found a staircase to the Lair.
  7806 | D:9      | Reached skill level 8 in Fighting
  7806 | D:9      | Reached skill level 1 in Invocations
  7848 | D:9      | Found a hide-covered altar of Uskayaw.
  7884 | D:9      | Found an ancient bone altar of Kikubaaqudgha.
  7884 | D:9      | Found a shadowy altar of Dithmenos.
  8219 | D:10     | Entered Level 10 of the Dungeon
  8348 | D:10     | Reached **** piety under Hepliaklqana
  8358 | D:10     | Found an iron altar of Okawaru.
  8367 | D:10     | Noticed a wizard
  8371 | D:10     | Killed a wizard
  8384 | D:10     | Noticed Amaemon
  8385 | D:10     | Noticed an orange demon
  8394 | D:10     | Killed Amaemon
  8399 | D:10     | Killed an orange demon
  8465 | D:10     | Noticed Grum
  8481 | D:10     | Killed Grum
  8659 | D:10     | Noticed a large abomination
  8659 | D:10     | Noticed a large abomination
  8679 | D:10     | Killed a large abomination
  8680 | D:10     | Reached skill level 5 in Invocations
  8680 | D:10     | Gained mutation: You have a tail ending in a sharp stinger.
                  | [demonic ancestry]
  8680 | D:10     | Reached XP level 11. HP: 17/69 MP: 14/14
  8955 | D:10     | Reached skill level 9 in Fighting
  9442 | D:10     | Killed a large abomination
  9460 | D:10     | Found the +2 cloak of the Thief {*Fog Slay-2 SInv Stlth+}
  9466 | D:10     | Identified the +0 plate armour "Pygor" {Dex+3}
  9829 | D:11     | Noticed a two-headed ogre
  9838 | D:11     | Killed a two-headed ogre
 10102 | D:11     | Noticed a two-headed ogre
 10114 | D:11     | Killed a two-headed ogre
 10228 | D:11     | Found a staircase to the Orcish Mines.
 10233 | D:11     | Noticed Erica
 10252 | D:11     | Killed Erica
 10678 | D:11     | Reached skill level 10 in Fighting
 10910 | D:11     | Lost mutation: You have sharp fingernails. [potion of
                  | mutation]
 10910 | D:11     | Lost mutation: You are frail. (-10% HP) [potion of
                  | mutation]
 10910 | D:11     | Lost mutation: You have large cloven feet. [potion of
                  | mutation]
 10910 | D:11     | Gained mutation: Your mind is acute. (Int +4, Str/Dex -1)
                  | [potion of mutation]
 10910 | D:11     | Gained mutation: You expend magic power (3 MP) to
                  | strengthen your wands. [potion of mutation]
 10910 | D:11     | Gained mutation: Your system is resistant to poisons.
                  | (rPois) [potion of mutation]
 10910 | D:11     | Gained mutation: You are partially covered in large bone
                  | plates. (SH +4) [potion of mutation]
 11288 | D:12     | Noticed Fannar
 11303 | D:12     | Killed Fannar
 11366 | D:12     | Noticed a centaur warrior
 11375 | D:12     | Shot with an arrow by a centaur warrior

Illustrated notes

Levels and vault maps discovered:
D:1:      lemuel_arrival_behind_the_door_small, layout_loops_corners
D:2:      layout_basic, hellmonk_ecumenical_altar_pennies_from_heaven,
          serial_shops, shop, uniq_sigmund
D:3:      layout_loops_ring, lemuel_coloured_pillars_altar,
          uniq_crazy_yiuf_cottage, uniq_jessica, uniq_natasha
D:4:      layout_basic
D:5:      layout_basic, fedhas_altar_3, lemuel_doored_altar, zin_statuary,
          mainiacjoe_overflow_24_doors, minmay_temple_entry_purple_smoke,
          serial_shops, shop, kennysheep_generic_room_7
D:6:      layout_cave_pools, nicolae_wu_jian_glorious_leap, st_stairs_3,
          minmay_door_square, minmay_misc_feat_iff, uniq_grinder
D:7:      layout_basic, ebering_ghost_rock_garden
D:8:      minmay_skewed_foursquare, layout_gridville, elyvilon_altar_5,
          serial_shops, nicolae_shop_stone, uniq_prince_ribbit1, uniq_psyche,
          uniq_pikel
D:9:      layout_loops_ring, nicolae_overflow_two_pavilions,
          mainiacjoe_overflow_alcove_2, david_lair_shrubbed
D:10:     layout_irregular_city, mainiacjoe_overflow_chevrons, laboratory,
          uniq_grum, uniq_amaemon
D:11:     layout_loops_ring, orc_0_dummy, uniq_erica
D:12:     layout_irregular_city, uniq_fannar, uniq_jorgrun, uniq_lodul
Temple:   nicolae_temple_ecumenical_triangle

Skill      XL: |  1  2  3  4  5  6  7  8  9 10 11 |
---------------+----------------------------------+-----
Dodging        | 3 4 5 6 7 8 9 |  9.5
Polearms       | 3 4 5 6 7 8 9 |  9.5
Armour         | 2 3 5 6 |  6.7
Fighting       | 3 4 5 6 7 8 10 | 10.1
Invocations    | 5 8 |  8.2
Throwing       | |  1.7

Action                     |  1- 3 |  4- 6 |  7- 9 | 10-12 || total
---------------------------+-------+-------+-------+-------++-------
  Melee: Trident           |    56 |   130 |   192 |   303 ||   681
         Tailslap          |       |    13 |    33 |    44 ||    90
         Punch             |       |     2 |     3 |     8 ||    13
         Peck              |       |       |    17 |    61 ||    78
  Throw: Throwing net      |     2 |     2 |       |     5 ||     9
 Invoke: Ancestor Life: He |       |       |     1 |       ||     1
         Recall Ancestor   |       |       |     1 |       ||     1
    Use: Scroll            |     2 |    11 |     1 |     5 ||    19
         Potion            |       |       |     7 |     6 ||    13
   Stab: Sleeping          |     1 |     4 |     2 |     1 ||     8
         Held in net/web   |       |     2 |       |     2 ||     4
         Distracted        |       |       |     2 |     3 ||     5
         Confused          |       |       |     7 |     9 ||    16
 Armour: Leather armour    |     5 |    27 |    39 |    22 ||    93
         Steam dragon scal |       |       |       |    13 ||    13
  Dodge: Dodged            |    25 |    73 |   122 |   179 ||   399
  Block: Other             |       |       |       |    12 ||    12

Table legend: (Time is in decaauts)
 A = Elapsed time spent in this place.
 B = Non-inter-level travel time spent in this place.
 C = Inter-level travel time spent in this place.
 D = Time resting spent in this place.
 E = Time spent auto-exploring this place.
 F = Levels seen in this place.
 G = Mean time per level.
                   A        B        C        D        E       F      G
               +--------+--------+--------+--------+--------+-----+--------+
         Total |  11373 |  10891 |    482 |    700 |   8505 |  13 |  874.8 |
       Dungeon |  11318 |  10836 |    482 |    700 |   8471 |  12 |  943.2 |
        Temple |     54 |     54 |      0 |      0 |     34 |   1 |   54.0 |
               +--------+--------+--------+--------+--------+-----+--------+

Top non-repeatable levels by time:
    D:11: 1459 daAuts
    D:10: 1379 daAuts
     D:8: 1347 daAuts
     D:9: 1140 daAuts
     D:5: 1064 daAuts
     D:3: 1019 daAuts
     D:7: 964 daAuts
     D:1: 922 daAuts
     D:6: 859 daAuts
     D:2: 539 daAuts
     D:4: 426 daAuts
    D:12: 195 daAuts
  Temple: 54 daAuts
